 Dungeon Crawl Stone Soup version 0.28-a0-1415-g7c84da036a (webtiles) character file.

Game seed: 4542060812019262984

21 eustatius the Charlatan (level 2, -1/16 HPs)
             Began as a Deep Elf Wanderer on Jan 8, 2022.
             Was a Follower of Kikubaaqudgha.
             Slain by a kobold (3 damage)
             ... on level 1 of the Dungeon.
             The game lasted 00:04:58 (1031 turns).

eustatius the Charlatan (Deep Elf Wanderer)         Turns: 1031, Time: 00:04:59

Health: -1/16      AC:  2    Str:  6    XL:     2   Next: 62%
Magic:  0/7        EV: 12    Int: 16    God:    Kikubaaqudgha [*.....]
Gold:   30         SH:  0    Dex: 17    Spells: 1/5 levels left

rFire   . . .      SeeInvis .   a - +0 dagger
rCold   . . .      Faith    .   (no shield)
rNeg    . . .      Spirit   .   d - +0 robe
rPois   .          Reflect  .   g - +0 hat {Stlth+}
rElec   .          Harm     .   (no cloak)
rCorr   .          Rampage  .   (no gloves)
Will    .....                   (no boots)
Stlth   +++.......              (no amulet)
HPRegen 0.05/turn               (no ring)
MPRegen 0.10/turn               (no ring)

@: no status effects
A: no striking features
a: Renounce Religion, Receive Corpses


You were on level 1 of the Dungeon.
You worshipped Kikubaaqudgha.
Kikubaaqudgha was aware of your devotion.
You visited 1 branch of the dungeon, and saw 1 of its levels.

You collected 30 gold pieces.

Inventory:

Hand Weapons
 a - a +0 dagger (weapon)
Missiles
 b - 8 boomerangs (quivered)
 f - 26 stones
Armour
 d - a +0 robe (worn)
 g - a +0 hat of stealth (worn)
Scrolls
 e - a scroll of identify {unknown}
 h - a scroll of fear {unknown}
 i - a scroll of immolation {unknown}
Miscellaneous
 c - a lightning rod (4/4)


   Skills:
 - Level 1.0 Fighting
 - Level 2.1 Throwing
 - Level 1.0 Armour
 * Level 1.5 Dodging
 * Level 2.4 Spellcasting
 * Level 2.3 Summonings
 * Level 0.5 Necromancy
 * Level 2.6 Evocations


You had one spell level left.
You knew the following spells:

 Your Spells              Type           Power      Damage    Failure   Level
a - Summon Small Mammal   Summ           36%        N/A       8%          1
b - Pain                  Necr           12%        1d4       16%         1
c - Corpse Rot            Necr/Air       4%         N/A       26%         2

Your spell library contained the following spells:

 Spells                   Type           Power      Damage    Failure   Level
 Sublimation of Blood     Necr           3%         N/A       24%         2
 Summon Guardian Golem    Hex/Summ       5%         N/A       36%         3
 Vampiric Draining        Necr           3%         2d6       43%         3


Dungeon Overview and Level Annotations

Branches:
Dungeon (1/15)

Altars:
Kikubaaqudgha


Message History

The hobgoblin hits you.
Casting: Pain (safe; 19% risk of failure)
Confirm with . or Enter, or press ? or * to list all spells.
Aiming: Pain (safe; 19% risk of failure)
Press: ? - help, Shift-Dir - straight line, f/p - hobgoblin
Aim: a hobgoblin (chance to affect: 58%)
The hobgoblin writhes in agony.
The hobgoblin closely misses you.
Casting: Pain (safe; 19% risk of failure)
Confirm with . or Enter, or press ? or * to list all spells.
You don't have enough magic to cast this spell.
Unknown command.
You barely miss the hobgoblin.
The hobgoblin is severely wounded.
The hobgoblin misses you.
You hit the hobgoblin.
The hobgoblin is almost dead.
The hobgoblin barely misses you.
You hit the hobgoblin.
You kill the hobgoblin!
Kikubaaqudgha accepts your kill.
Casting: Pain (safe; 16% risk of failure)
Confirm with . or Enter, or press ? or * to list all spells.
Aiming: Pain (safe; 16% risk of failure)
Press: ? - help, Shift-Dir - straight line, f - kobold
Aim: a kobold, wielding a +0 short sword (chance to affect: 62%)
The kobold resists with significant effort.
The kobold hits you with a +0 short sword.
You hit the kobold.
The kobold is heavily wounded.
The kobold misses you.
You closely miss the kobold.
The kobold is heavily wounded.
The kobold hits you with a +0 short sword.
* * * LOW HITPOINT WARNING * * *
Your magical contamination has completely faded away.
You hit the kobold.
The kobold is heavily wounded.
The kobold hits you with a +0 short sword.
You die...
Kikubaaqudgha rasps: "You have failed me!
Welcome... death!"

.............###.#######.....###.
..............##......#...#...#..
.....⌠........##.........###.....
....⌠>⌠.......##..†..#..# ##..#.
.....⌠........##†...###. #..###
.............###.....#.. #.... .
............####..)..### ##.....
##.......####.##.....### #.####
####.#### #..K@....... ..
#......# #.########## ##.
####...# #.# # #.### #.#
#####.#######.# ....#.#.......#
##.##.#..............
##.##.#..............
##.##.#..............


You could see a kobold.

Vanquished Creatures
  A ball python (D:1)
  2 endoplasms (D:1)
  2 hobgoblins (D:1)
  A bat (D:1)
  A rat (D:1)
7 creatures vanquished.

Vanquished Creatures (collateral kills)
  An endoplasm (D:1)
  2 giant cockroaches (D:1)
  A goblin (D:1)
  2 hobgoblins (D:1)
  A kobold (D:1)
  2 ball pythons (D:1)
  A rat (D:1)
10 creatures vanquished.

Grand Total: 17 creatures vanquished

Notes
Turn   | Place    | Note
-------+----------+-------------------------------------------
     0 | D:1      | eustatius the Deep Elf Wanderer began the quest for the
                  | Orb.
     0 | D:1      | eustatius set off with the following items: a +0 dagger, 8
                  | boomerangs, a lightning rod (4/4), a +0 robe; and the
                  | following spell memorised: Summon Small Mammal; and the
                  | following spells available to memorise: Summon Guardian
                  | Golem
     0 | D:1      | Reached XP level 1. HP: 12/12 MP: 5/5
   567 | D:1      | Reached XP level 2. HP: 11/16 MP: 1/7
   795 | D:1      | Found a faded altar of an unknown god.
   826 | D:1      | Prayed at the altar of an unknown god.
   826 | D:1      | Became a worshipper of Kikubaaqudgha
   826 | D:1      | Reached * piety under Kikubaaqudgha
   826 | D:1      | Received a gift from Kikubaaqudgha
   829 | D:1      | Learned a level 1 spell: Pain
   832 | D:1      | Learned a level 2 spell: Corpse Rot
  1031 | D:1      | Slain by a kobold

Illustrated notes

Levels and vault maps discovered:
D:1:      dpeg_arrival_three_bigger_balls, layout_basic,
          nicolae_ecumenical_snake_handling

Skill      XL: |  1 |
---------------+----+-----
Spellcasting   | 2 |  2.4
Fighting       | |  1.0
Throwing       | |  2.1
Armour         | |  1.0
Dodging        | |  1.5
Summonings     | |  2.3
Necromancy     | |  0.5
Evocations     | |  2.6

Action                   || total
-------------------------++-------
Melee: Dagger            ||    28
Throw: Boomerang         ||     6
 Cast: Summon Small Mamm ||    18
       Pain              ||    12
Armor: Robe              ||     4
Dodge: Dodged            ||    34

Table legend: (Time is in decaauts)
 A = Elapsed time spent in this place.
 B = Non-inter-level travel time spent in this place.
 C = Inter-level travel time spent in this place.
 D = Time resting spent in this place.
 E = Time spent auto-exploring this place.
 F = Levels seen in this place.
 G = Mean time per level.
                   A        B        C        D        E       F      G
               +--------+--------+--------+--------+--------+-----+--------+
         Total |   1032 |   1032 |      0 |      0 |    713 |   1 | 1032.0 |
       Dungeon |   1032 |   1032 |      0 |      0 |    713 |   1 | 1032.0 |
               +--------+--------+--------+--------+--------+-----+--------+

Top non-repeatable levels by time:
     D:1: 1032 daAuts
